 Dungeon Crawl Stone Soup version 0.27.1-16-g815e20cd7a (webtiles) character file.

Game seed: 11505507341150435377

189 pkoi the Ruffian (level 5, -1/45 HPs)
             Began as a Draconian Monk on Nov 23, 2021.
             Slain by a phantom (7 damage)
             ... on level 4 of the Dungeon.
             The game lasted 00:03:35 (3626 turns).

pkoi the Ruffian (Draconian Monk)                   Turns: 3626, Time: 00:03:35

Health: -1/45      AC:  5    Str: 14    XL:     5   Next: 40%
Magic:  5/5        EV: 12    Int: 11    God:
Gold:   170        SH:  0    Dex: 13    Spells: 4/4 levels left

rFire    . . .     SeeInvis .     - Unarmed
rCold    . . .     Faith    .   (no shield)
rNeg     . . .     Spirit   .   (armour unavailable)
rPois    .         Reflect  .   (helmet restricted)
rElec    .         Harm     .   (no cloak)
rCorr    .         Rampage  .   (no gloves)
Will     .....                  (no boots)
Stlth    ++........             (no amulet)
HPRegen  0.15/turn              (no ring)
MPRegen  0.09/turn              (no ring)

@: no status effects
A: AC +5, unfitting armour, cold-blooded
a: no special abilities


You were on level 4 of the Dungeon.
You visited 1 branch of the dungeon, and saw 4 of its levels.
You also visited: Sewer.

You collected 170 gold pieces.

Inventory:

Armour
 b - a +0 pair of gloves
Wands
 g - a wand of polymorph (7)
Scrolls
 f - a scroll of magic mapping
 h - a scroll of amnesia {unknown}
 j - a scroll of vulnerability
Potions
 a - a potion of invisibility {unknown}
 c - 2 potions of flight
 d - 2 potions of curing {unknown}
 e - 3 potions of heal wounds
 i - a potion of cancellation {unknown}


   Skills:
 - Level 3.2 Fighting
 - Level 2.6 Dodging
 - Level 1.7 Stealth
 + Level 6.2 Unarmed Combat


You had 4 spell levels left.
You didn't know any spells.
Your spell library contained the following spells:

 Spells                   Type           Power      Damage    Failure   Level
 Ozocubu's Armour         Ice            0%         N/A       71%         3
 Metabolic Englaciation   Hex/Ice        0%         N/A       100%        5
 Simulacrum               Ice/Necr       0%         N/A       100%        6


Dungeon Overview and Level Annotations

Branches:
Dungeon (4/15)              Sewer (visited)
 Temple: D:4-7

Altars:


Innate Abilities, Weirdness & Mutations

Your plain brown scales are hard. (AC +5)
You cannot fit into any form of body armour.
You are cold-blooded and may be slowed by cold attacks.


Message History

You tail-slap the phantom, but do no damage.
The phantom is severely damaged.
The phantom hits you.
* * * LOW HITPOINT WARNING * * *
You barely miss the phantom.
The phantom is severely damaged.
The phantom hits you but does no damage.
You barely miss the phantom.
The phantom is severely damaged.
The phantom hits you.
* * * LOW HITPOINT WARNING * * *
You closely miss the phantom.
The phantom is severely damaged.
The phantom hits you.
* * * LOW HITPOINT WARNING * * *
The phantom blinks!
You blink.
You hit the phantom. You tail-slap the phantom.
The phantom is almost destroyed.
The phantom hits you.
* * * LOW HITPOINT WARNING * * *
You barely miss the phantom.
Your tail-slap misses the phantom.
The phantom is almost destroyed.
You closely miss the phantom.
The phantom is almost destroyed.
The phantom hits you.
* * * LOW HITPOINT WARNING * * *
The phantom blinks!
You blink.
You closely miss the phantom.
You punch the phantom, but do no damage.
The phantom is almost destroyed.
The phantom hits you but does no damage.
You barely miss the phantom.
The phantom is almost destroyed.
The phantom hits you.
* * * LOW HITPOINT WARNING * * *
The phantom blinks!
You blink.
You miss the phantom.
The phantom is almost destroyed.
The phantom hits you!
You die...

,,,...#* #.....# #........
,*###.* #####.### #........ ,*
#,* #...# ######### ,* *,* ###.#
*****,**** #.# ,,*,,,,,,* #.##
*,,,...,,* #..# **,,...,,*
####..# *,,....(* ####.@...######
**,.....* #...W###......#
*,.....#*#ยง#### #.####.##
***,...>..##.# #..# #..#######
,**,.........# ##.####........
,#***#####..## #....#........
,....#####..## ####..........
,............########...#........
,.....#...............#.#........


You could see a phantom.

Vanquished Creatures
  A kobold brigand (Sewer)
  3 gnolls
  A river rat (Sewer)
  A worm (D:3)
  A dart slug (D:1)
  A ball python (D:2)
  7 endoplasms
  7 giant cockroaches
  5 goblins
  7 hobgoblins
  2 jackals (Sewer)
  13 kobolds
  3 quokkas
  8 bats
  6 frilled lizards
  6 rats
72 creatures vanquished.

Notes
Turn   | Place    | Note
-------+----------+-------------------------------------------
     0 | D:1      | pkoi the Draconian Monk began the quest for the Orb.
     0 | D:1      | Reached XP level 1. HP: 19/19 MP: 1/1
    79 | D:1      | Reached XP level 2. HP: 17/26 MP: 2/2
   360 | D:1      | Reached skill level 4 in Unarmed Combat
   529 | D:1      | Reached XP level 3. HP: 23/31 MP: 3/3
  2100 | D:3      | Reached XP level 4. HP: 38/38 MP: 4/4
  2110 | D:3      | Reached skill level 5 in Unarmed Combat
  2892 | D:3      | Found a faded altar of an unknown god.
  3064 | D:4      | Found a glowing drain.
  3083 | Sewer    | Entered a sewer
  3269 | Sewer    | Noticed a kobold brigand
  3292 | Sewer    | Killed a kobold brigand
  3293 | Sewer    | Reached skill level 6 in Unarmed Combat
  3293 | Sewer    | Reached XP level 5. HP: 33/45 MP: 5/5
  3387 | Sewer    | Found a glowing silver altar of Zin.
  3575 | D:4      | Noticed a phantom
  3626 | D:4      | Slain by a phantom

Illustrated notes

Levels and vault maps discovered:
D:1:      sevenhm_arrival_forest_fort_small_3, layout_basic
D:2:      layout_loops_ring
D:3:      layout_loops_cross, shapermc_ecumenical_altar_mp_vishouse
D:4:      layout_rooms, chequers_temple_overflow_statue_of_worship,
          gup_sewer_entry_pipe, minmay_door_square

Skill      XL: |  1  2  3  4 |
---------------+-------------+-----
Unarmed Combat | 4 6 |  6.2
Fighting       | |  3.2
Dodging        | |  2.6
Stealth        | |  1.7

Action                   |  1- 3 |  4- 6 || total
-------------------------+-------+-------++-------
Melee: Unarmed           |   126 |   131 ||   257
       Tailslap          |    11 |    19 ||    30
       Punch             |     1 |     5 ||     6
  Use: Scroll            |       |     7 ||     7
 Stab: Sleeping          |     9 |     2 ||    11
Armor: Skin              |    35 |    43 ||    78
Dodge: Dodged            |    81 |    52 ||   133
